| TOP OF THE 1ST |
|
Connecticut Tigers batting - Pitching for Hudson Valley Renegades : RHP Dave Navarro
|
|
Pitching: RHP Dave Navarro
|
|
|
Batting: RHB Brandon O'Malley
|
0-0: Ball 1-0: Called Strike 1-1: Foul Ball, location: 2F 1-2: Strikes out swinging
|
|
Batting: RHB Keith Hoffman
|
0-0: Called Strike 0-1: Ball 1-1: Foul Ball, location: 2F 1-2: DOUBLE (Groundball, 5L, EV 100.0 MPH)
|
|
Batting: RHB John Evancho
|
0-0: Called Strike 0-1: Swinging Strike 0-2: Strikes out swinging
|
|
Batting: RHB Eric Angelle
|
0-0: Ball 1-0: Ground out 6-3 (Groundball, 6, EV 91.3 MPH)
|
| Top of the 1st over - 0 runs, 1 hit, 0 errors, 1 left on base; Connecticut 0 - Hudson Valley 0 |
| BOTTOM OF THE 1ST |
|
Hudson Valley Renegades batting - Pitching for Connecticut Tigers : RHP Andy Miller
|
|
Pitching: RHP Andy Miller
|
|
|
Batting: LHB Dan Hunt
|
0-0: Ball 1-0: Called Strike 1-1: Swinging Strike 1-2: Ball 2-2: Strikes out swinging
|
|
Batting: RHB Jesse Haddad
|
0-0: Ball 1-0: Called Strike 1-1: Foul Ball, location: 2F 1-2: Fly out, F9 (Line Drive, 9, EV 100.0 MPH)
|
|
Batting: SHB Suljo Dokic
|
0-0: Ground out 4-3 (Groundball, 34D, EV 107.5 MPH)
|
| Bottom of the 1st over - 0 runs, 0 hits, 0 errors, 0 left on base; Connecticut 0 - Hudson Valley 0 |
| TOP OF THE 2ND |
|
Connecticut Tigers batting - Pitching for Hudson Valley Renegades : RHP Dave Navarro
|
|
Batting: SHB Sean Foley
|
0-0: Swinging Strike 0-1: Ball 1-1: Foul Ball, location: 2F 1-2: Ball 2-2: Foul Ball, location: 2F 2-2: Strikes out swinging
|
|
Batting: RHB Tommy McDonald
|
0-0: Ball 1-0: Ball 2-0: Ball 3-0: Called Strike 3-1: Called Strike 3-2: Strikes out swinging
|
|
Batting: RHB Tanner Purchase
|
0-0: Ball 1-0: Called Strike 1-1: Ball 2-1: Foul Ball, location: 2F 2-2: Strikes out swinging
|
| Top of the 2nd over - 0 runs, 0 hits, 0 errors, 0 left on base; Connecticut 0 - Hudson Valley 0 |
| BOTTOM OF THE 2ND |
|
Hudson Valley Renegades batting - Pitching for Connecticut Tigers : RHP Andy Miller
|
|
Batting: LHB Isaac Bamberg
|
0-0: Called Strike 0-1: Called Strike 0-2: Ball 1-2: Strikes out swinging
|
|
Batting: RHB Khalil Walker
|
0-0: Ball 1-0: Ground out 5-3 (Groundball, 56, EV 107.5 MPH)
|
|
Batting: RHB Orlando Herrera
|
0-0: Ball 1-0: Called Strike 1-1: Ball 2-1: Hit by Pitch
|
|
Batting: SHB Tirta Subandrio
|
0-0: Ball 1-0: Ball 2-0: Called Strike 2-1: Ball 3-1: SINGLE (Line Drive, 56, EV 97.5 MPH) Orlando Herrera to second
|
|
Batting: RHB Jesus Baires
|
0-0: Called Strike 0-1: Ball 1-1: Swinging Strike 1-2: Ball 2-2: Ball 3-2: Fly out, F8 (Line Drive, 8LM, EV 95.6 MPH)
|
| Bottom of the 2nd over - 0 runs, 1 hit, 0 errors, 2 left on base; Connecticut 0 - Hudson Valley 0 |
| TOP OF THE 3RD |
|
Connecticut Tigers batting - Pitching for Hudson Valley Renegades : RHP Dave Navarro
|
|
Batting: RHB Mike Sebastian
|
0-0: Ground out 6-3 (Groundball, 6, EV 93.8 MPH)
|
|
Batting: RHB Billy Verdusco
|
0-0: Ball 1-0: Called Strike 1-1: Foul Ball, location: 2F 1-2: Ground out U3 (Groundball, 13, EV 88.8 MPH)
|
|
Batting: RHB Brandon O'Malley
|
0-0: Called Strike 0-1: SINGLE (Line Drive, 7S, EV 106.3 MPH)
|
|
Batting: RHB Keith Hoffman
|
0-0: Ball Brandon O'Malley is caught stealing 2nd base 2-4
|
| Top of the 3rd over - 0 runs, 1 hit, 0 errors, 0 left on base; Connecticut 0 - Hudson Valley 0 |
| BOTTOM OF THE 3RD |
|
Hudson Valley Renegades batting - Pitching for Connecticut Tigers : RHP Andy Miller
|
|
Batting: RHB Jose Bengochea
|
0-0: Ball 1-0: SOLO HOME RUN (Flyball, 89XD, EV 110.0 MPH), Distance : 427 ft
|
|
Batting: LHB Dan Hunt
|
0-0: Ball 1-0: Foul Ball, location: 2F 1-1: Foul Ball, location: 2F 1-2: Foul Ball, location: 2F 1-2: Ball 2-2: SINGLE (Groundball, 6MD, EV 106.3 MPH)
|
|
Batting: RHB Jesse Haddad
|
0-0: Called Strike 0-1: Ball 1-1: Foul Ball, location: 2F 1-2: Ball 2-2: Ball Dan Hunt steals 2nd base (no throw) 3-2: Foul Ball, location: 2F 3-2: Ground out 6-3 (Groundball, 6, EV 84.4 MPH) Dan Hunt to third
|
|
Batting: SHB Suljo Dokic
|
0-0: Called Strike 0-1: Called Strike 0-2: Ball 1-2: Ball 2-2: Foul Ball, location: 2F 2-2: Ball 3-2: Fly out, F8 (Line Drive, 8LD, EV 105.0 MPH) Runner from 3rd tags up, SCORES, no throw by CF
|
|
Batting: LHB Isaac Bamberg
|
0-0: Called Strike 0-1: Foul Ball, location: 2F 0-2: Ball 1-2: Fly out, F7 (Flyball, 7D, EV 91.3 MPH)
|
| Bottom of the 3rd over - 2 runs, 2 hits, 0 errors, 0 left on base; Connecticut 0 - Hudson Valley 2 |
| TOP OF THE 4TH |
|
Connecticut Tigers batting - Pitching for Hudson Valley Renegades : RHP Dave Navarro
|
|
Batting: RHB Keith Hoffman
|
0-0: Ball 1-0: Ball 2-0: Ball 3-0: Swinging Strike 3-1: SINGLE (Groundball, 56D, EV 107.5 MPH)
|
|
Batting: RHB John Evancho
|
0-0: Called Strike 0-1: Fielders Choice at 2nd, 5-4 (Groundball, 15, EV 85.0 MPH)
|
|
Batting: RHB Eric Angelle
|
0-0: Called Strike John Evancho steals 2nd base 0-1: Fly out, F6 (Flyball, 6MD, EV 96.3 MPH)
|
|
Batting: SHB Sean Foley
|
0-0: Swinging Strike 0-1: Ball 1-1: Called Strike 1-2: Foul Ball, location: 2F 1-2: Ball 2-2: Ball 3-2: Strikes out swinging
|
| Top of the 4th over - 0 runs, 1 hit, 0 errors, 1 left on base; Connecticut 0 - Hudson Valley 2 |
| BOTTOM OF THE 4TH |
|
Hudson Valley Renegades batting - Pitching for Connecticut Tigers : RHP Andy Miller
|
|
Batting: RHB Khalil Walker
|
0-0: Swinging Strike 0-1: Foul Ball, location: 2F 0-2: Strikes out swinging
|
|
Batting: RHB Orlando Herrera
|
0-0: Called Strike 0-1: Ball 1-1: Ball 2-1: Called Strike 2-2: Foul Ball, location: 2F 2-2: Ball 3-2: Foul Ball, location: 2F 3-2: Foul Ball, location: 2F 3-2: Foul Ball, location: 2F 3-2: Foul Ball, location: 2F 3-2: Foul Ball, location: 2F 3-2: Strikes out swinging
|
|
Batting: SHB Tirta Subandrio
|
0-0: Called Strike 0-1: Called Strike 0-2: Foul Ball, location: 2F 0-2: Ball 1-2: Foul Ball, location: 2F 1-2: Strikes out swinging
|
| Bottom of the 4th over - 0 runs, 0 hits, 0 errors, 0 left on base; Connecticut 0 - Hudson Valley 2 |
| TOP OF THE 5TH |
|
Connecticut Tigers batting - Pitching for Hudson Valley Renegades : RHP Dave Navarro
|
|
Batting: RHB Tommy McDonald
|
0-0: Ball 1-0: Swinging Strike 1-1: Called Strike 1-2: Strikes out swinging
|
|
Batting: RHB Tanner Purchase
|
0-0: Ball 1-0: Foul Ball, location: 2F 1-1: Called Strike 1-2: Fly out, F4 (Popup, 3S, EV 80.0 MPH)
|
|
Batting: RHB Mike Sebastian
|
0-0: Ball 1-0: Ball 2-0: Called Strike 2-1: Swinging Strike 2-2: Foul Ball, location: 2F 2-2: Foul Ball, location: 2F 2-2: Strikes out swinging
|
| Top of the 5th over - 0 runs, 0 hits, 0 errors, 0 left on base; Connecticut 0 - Hudson Valley 2 |
| BOTTOM OF THE 5TH |
|
Hudson Valley Renegades batting - Pitching for Connecticut Tigers : RHP Andy Miller
|
|
Pitching: LHP Chris Thomas
|
|
|
Batting: RHB Jesus Baires
|
0-0: Swinging Strike 0-1: Ball 1-1: Ball 2-1: Ball 3-1: Foul Ball, location: 2F 3-2: Foul Ball, location: 2F 3-2: Base on Balls
|
|
Batting: RHB Jose Bengochea
|
0-0: Called Strike 0-1: Swinging Strike 0-2: Fly out, F7 (Line Drive, 7, EV 93.1 MPH)
|
|
Batting: LHB Dan Hunt
|
0-0: Called Strike 0-1: Called Strike Jesus Baires steals 2nd base 0-2: Strikes out swinging
|
|
Batting: RHB Jesse Haddad
|
0-0: Ball 1-0: Ball 2-0: Called Strike 2-1: Ball 3-1: Called Strike 3-2: SINGLE (Groundball, 6MD, EV 105.6 MPH) Jesus Baires to third Runner from 3rd tries for Home, throw by CF and OUT! 8-2
|
| Bottom of the 5th over - 0 runs, 1 hit, 0 errors, 1 left on base; Connecticut 0 - Hudson Valley 2 |
| TOP OF THE 6TH |
|
Connecticut Tigers batting - Pitching for Hudson Valley Renegades : RHP Dave Navarro
|
|
Batting: RHB Billy Verdusco
|
0-0: Ground out 5-3 (Groundball, 56, EV 83.8 MPH)
|
|
Batting: RHB Brandon O'Malley
|
0-0: Called Strike 0-1: Ball 1-1: Called Strike 1-2: Ball 2-2: Ball 3-2: SINGLE (Groundball, 56S, EV 65.0 MPH) (infield hit)
|
|
Batting: RHB Keith Hoffman
|
0-0: Foul Ball, location: 2F 0-1: Ball 1-1: Foul Ball, location: 2F 1-2: Foul Ball, location: 2F 1-2: Fly out, F7 (Line Drive, 7LM, EV 92.5 MPH)
|
|
Batting: RHB John Evancho
|
0-0: Ball Brandon O'Malley steals 2nd base (no throw) 1-0: Called Strike 1-1: Ball 2-1: Swinging Strike 2-2: Fly out, F4 (Popup, 4MD, EV 70.6 MPH)
|
| Top of the 6th over - 0 runs, 1 hit, 0 errors, 1 left on base; Connecticut 0 - Hudson Valley 2 |
| BOTTOM OF THE 6TH |
|
Hudson Valley Renegades batting - Pitching for Connecticut Tigers : LHP Chris Thomas
|
|
Batting: SHB Suljo Dokic
|
0-0: Swinging Strike 0-1: Ball 1-1: Swinging Strike 1-2: Strikes out looking
|
|
Batting: LHB Isaac Bamberg
|
0-0: Called Strike 0-1: Ball 1-1: SINGLE (Flyball, 7LS, EV 89.4 MPH)
|
|
Pitching: RHP Daisuke Tashima
|
|
|
Batting: RHB Khalil Walker
|
0-0: Reached on error, E6 (Groundball, 56, EV 106.9 MPH) Isaac Bamberg to second
|
|
Batting: RHB Orlando Herrera
|
0-0: Ball 1-0: Swinging Strike 1-1: Foul Ball, location: 2F Balk! Isaac Bamberg to third Khalil Walker to second 1-2: Ground out 6-3 (Groundball, 6, EV 81.3 MPH) Isaac Bamberg scores Khalil Walker to third
|
|
Batting: SHB Tirta Subandrio
|
0-0: Called Strike 0-1: Foul Ball, location: 2F 0-2: Strikes out swinging
|
| Bottom of the 6th over - 1 run, 1 hit, 1 error, 1 left on base; Connecticut 0 - Hudson Valley 3 |
| TOP OF THE 7TH |
|
Connecticut Tigers batting - Pitching for Hudson Valley Renegades : RHP Dave Navarro
|
|
Batting: RHB Eric Angelle
|
0-0: SINGLE (Groundball, 4MD, EV 98.8 MPH)
|
|
Batting: SHB Sean Foley
|
0-0: Ball 1-0: Ball 2-0: Called Strike 2-1: Called Strike 2-2: Ball 3-2: Foul Ball, location: 2F 3-2: Fielders Choice at 2nd, 6-4 (Groundball, 6MS, EV 85.6 MPH)
|
|
Pitching: RHP Chris Marino
|
|
|
Batting: RHB Tommy McDonald
|
0-0: Swinging Strike 0-1: Ball 1-1: Called Strike 1-2: Foul Ball, location: 2F 1-2: Ground out 6-3 (Groundball, 6, EV 87.5 MPH) Sean Foley to second
|
|
Batting: RHB Tanner Purchase
|
0-0: Called Strike 0-1: Ball 1-1: Foul Ball, location: 2F 1-2: Strikes out swinging
|
| Top of the 7th over - 0 runs, 1 hit, 0 errors, 1 left on base; Connecticut 0 - Hudson Valley 3 |
| BOTTOM OF THE 7TH |
|
Hudson Valley Renegades batting - Pitching for Connecticut Tigers : RHP Daisuke Tashima
|
|
Batting: RHB Jesus Baires
|
0-0: Ball 1-0: Called Strike 1-1: SINGLE (Groundball, 6D, EV 105.0 MPH)
|
|
Batting: RHB Jose Bengochea
|
0-0: Reached on error, E6 (Groundball, 6, EV 101.9 MPH) Jesus Baires to second
|
|
Batting: LHB Dan Hunt
|
0-0: Ball 1-0: Foul Ball, location: 2F 1-1: Fielders Choice at 2nd, 4-6 (Groundball, 4, EV 87.5 MPH) Jesus Baires to third
|
|
Batting: RHB Jesse Haddad
|
0-0: Ball Dan Hunt steals 2nd base 1-0: Called Strike 1-1: Foul Ball, location: 2F 1-2: Foul Ball, location: 2F 1-2: Strikes out looking
|
|
Batting: SHB Suljo Dokic
|
0-0: Ball 1-0: Ball 2-0: Called Strike 2-1: Ball 3-1: Base on Balls
|
|
Batting: LHB Isaac Bamberg
|
0-0: DOUBLE (Line Drive, 7LM, EV 102.5 MPH) Jesus Baires scores Dan Hunt scores Suljo Dokic to third Runner from 3rd tries for Home, SAFE, throw by LF to home
|
|
Batting: RHB Khalil Walker
|
0-0: Foul Ball, location: 2F 0-1: Foul Ball, location: 2F 0-2: Ball 1-2: Ball 2-2: Strikes out swinging
|
| Bottom of the 7th over - 3 runs, 2 hits, 1 error, 1 left on base; Connecticut 0 - Hudson Valley 6 |
| TOP OF THE 8TH |
|
Connecticut Tigers batting - Pitching for Hudson Valley Renegades : RHP Chris Marino
|
|
Batting: RHB Mike Sebastian
|
0-0: Ball 1-0: Ball 2-0: Fly out, F9 (Flyball, 9LS, EV 86.3 MPH)
|
|
Batting: RHB Billy Verdusco
|
0-0: Called Strike 0-1: Ball 1-1: SINGLE (Groundball, 34D, EV 102.5 MPH)
|
|
Batting: RHB Brandon O'Malley
|
0-0: Swinging Strike 0-1: Foul Ball, location: 2F 0-2: Ball 1-2: Strikes out swinging
|
|
Batting: RHB Keith Hoffman
|
0-0: Foul Ball, location: 2F 0-1: SINGLE (Groundball, 34D, EV 110.0 MPH) Billy Verdusco to second Runner from 2nd tries for 3rd, SAFE, throw by RF made to third
|
|
Batting: RHB John Evancho
|
0-0: Fly out, F8 (Flyball, 78S, EV 83.1 MPH)
|
| Top of the 8th over - 0 runs, 2 hits, 0 errors, 2 left on base; Connecticut 0 - Hudson Valley 6 |
| BOTTOM OF THE 8TH |
|
Hudson Valley Renegades batting - Pitching for Connecticut Tigers : RHP Daisuke Tashima
|
|
Batting: RHB Orlando Herrera
|
0-0: Ball 1-0: Swinging Strike 1-1: Swinging Strike 1-2: Foul Ball, location: 2F 1-2: Ball 2-2: Ball 3-2: Strikes out looking
|
|
Batting: SHB Tirta Subandrio
|
0-0: Swinging Strike 0-1: Called Strike 0-2: Ball 1-2: Foul Ball, location: 2F 1-2: Ground out 6-3 (Groundball, 6, EV 105.0 MPH)
|
|
Batting: RHB Jesus Baires
|
0-0: Ball 1-0: Ball 2-0: Ball 3-0: Called Strike 3-1: Swinging Strike 3-2: Foul Ball, location: 2F 3-2: Strikes out swinging
|
| Bottom of the 8th over - 0 runs, 0 hits, 0 errors, 0 left on base; Connecticut 0 - Hudson Valley 6 |
| TOP OF THE 9TH |
|
Connecticut Tigers batting - Pitching for Hudson Valley Renegades : RHP Chris Marino
|
|
Batting: RHB Eric Angelle
|
0-0: Fly out, F3 (Popup, 3F, EV 58.8 MPH)
|
|
Batting: SHB Sean Foley
|
0-0: Swinging Strike 0-1: Swinging Strike 0-2: Ball 1-2: Strikes out looking
|
|
Batting: RHB Tommy McDonald
|
0-0: Foul Ball, location: 2F 0-1: Foul Ball, location: 2F 0-2: Ball 1-2: Ball 2-2: Ground out 5-3 (Groundball, 56, EV 85.0 MPH)
|
| Top of the 9th over - 0 runs, 0 hits, 0 errors, 0 left on base; Connecticut 0 - Hudson Valley 6 |
|